 Dungeon Crawl Stone Soup version 0.27.1 (webtiles) character file.

Game seed: 9823671187828164724

17 boopmooplesden the Shield-Bearer (level 2, 0/27 HPs)
             Began as a Minotaur Fighter on Aug 27, 2021.
             Slain by Sigmund (9 damage)
             ... on level 2 of the Dungeon.
             The game lasted 00:01:30 (1171 turns).

boopmooplesden the Shield-Bearer (Minotaur Fighter) Turns: 1171, Time: 00:01:31

Health: 0/27       AC:  7    Str: 20    XL:     2   Next: 44%
Magic:  1/1        EV:  7    Int:  5    God:
Gold:   127        SH:  0    Dex:  9    Spells: 1/1 levels left

rFire    . . .     SeeInvis .   a - +0 war axe
rCold    . . .     Faith    .   c - +0 kite shield
rNeg     . . .     Spirit   .   b - +0 scale mail
rPois    +         Reflect  .   (helmet restricted)
rElec    .         Harm     .   (no cloak)
rCorr    .         Rampage  .   (no gloves)
Will     .....                  (no boots)
Stlth    ..........             (no amulet)
HPRegen  0.09/turn              e - ring of poison resistance
MPRegen  0.07/turn              (no ring)

@: confused, mighty
A: horns 2, retaliatory headbutt
a: no special abilities


You were on level 2 of the Dungeon.
You visited 1 branch of the dungeon, and saw 2 of its levels.

You collected 127 gold pieces.

Inventory:

Hand Weapons
 a - a +0 war axe (weapon)
Armour
 b - a +0 scale mail (worn)
 c - a +0 kite shield (worn)
Jewellery
 e - a ring of poison resistance (left hand)
 j - a ring of magical power
Scrolls
 g - 2 scrolls of teleportation {unknown}
Potions
 f - a potion of degeneration {unknown}
 h - a potion of lignification {unknown}
 i - 2 potions of curing


   Skills:
 + Level 3.9 Fighting
 + Level 2.5 Axes
 + Level 4.0 Armour
 + Level 4.1 Shields


You had one spell level left.
You didn't know any spells.
Your spell library was empty.

Dungeon Overview and Level Annotations

Branches:
Dungeon (2/15)

Altars:

Annotations:
D:2 Sigmund


Innate Abilities, Weirdness & Mutations

You have a pair of horns on your head.
You reflexively headbutt those who attack you in melee.


Message History

The bat hits you but does no damage. The bat hits you but does no damage.
The bat closely misses you. You furiously retaliate!
You headbutt the bat.
You kill the bat!
A hobgoblin and Sigmund come into view.
Sigmund gestures at you while chanting. You block the puff of flame.
Sigmund giggles. "Time to reap what you sow."
Sigmund casts a spell at you.
You are confused.
You see here a bat corpse.
Sigmund gestures at you while chanting.
You are more confused.
Sigmund's eyes start glowing with a red light.
Sigmund points at you and mumbles some strange words.
The puff of flame hits you! Sigmund casts a spell at you.
You are more confused.
Sigmund closely misses you. The hobgoblin barely misses you.
You're too confused to move!
The hobgoblin hits you.
Sigmund hits you from afar with a +0 scythe.
The hobgoblin hits you but does no damage.
You're too confused to move!
Sigmund barely misses you. The hobgoblin hits you.
You bump into the rock wall.
You feel less confused. Sigmund casts a spell at you.
The puff of flame hits you.
The hobgoblin hits you but does no damage.
Sigmund mumbles some strange words.
Sigmund flickers and vanishes!
Deactivating autopickup; reactivate with Ctrl-A.
You block the hobgoblin's attack.
You feel very mighty all of a sudden. The hobgoblin hits you.
You slash the hobgoblin!
You kill the hobgoblin!
You hear some strange, mumbled words.
You are confused.
Something hits you!
You die...

####.#
#....## #..#
#.....# #..#
#.....# #..#
#..†..# #..#
#.....# #..#
#.....# #..#
#..{..# #..#
#@....##
#..###
#####..#
#....# ##.#
#.##.# #.##
#.##.##
#..####.##.#.
#........#.#.
#........#...
#........#...
#........#)..


There were no monsters in sight!

Vanquished Creatures
  2 endoplasms (D:2)
  A giant cockroach (D:1)
  6 hobgoblins
  2 quokkas
  2 bats (D:2)
  A frilled lizard (D:2)
  2 rats (D:1)
16 creatures vanquished.

Notes
Turn   | Place    | Note
-------+----------+-------------------------------------------
     0 | D:1      | boopmooplesden the Minotaur Fighter began the quest for the
                  | Orb.
     0 | D:1      | Reached XP level 1. HP: 19/19 MP: 0/0
   118 | D:1      | Found a faded altar of an unknown god.
   575 | D:1      | Reached XP level 2. HP: 27/27 MP: 1/1
  1139 | D:2      | Noticed Sigmund
  1171 | D:2      | Slain by Sigmund

Illustrated notes

Levels and vault maps discovered:
D:1:      scummos_arrival_simple_fountains, layout_basic,
          hellmonk_ecumenical_altar_arch_garden
D:2:      layout_basic, uniq_sigmund

Skill      XL: |  1  2 |
---------------+-------+-----
Shields        | 4 |  4.1
Armour         | 4 |  4.0
Fighting       | |  3.9
Axes           | |  2.5

Action                   || total
-------------------------++-------
Melee: War axe           ||    49
       Headbutt          ||     2
  Use: Scroll            ||     2
       Potion            ||     1
Armor: Scale mail        ||    23
Dodge: Dodged            ||    15
Block: Kite shield       ||    35
